 Dungeon Crawl Stone Soup version 0.29-a0-993-g4a18f31a58 (webtiles) character file.

Game seed: 4392348788994023472

26664 inmateoo the Martial Artist (level 13, -6/127 HPs)
             Began as a White Draconian Transmuter on Aug 3, 2022.
             Was a High Priest of Cheibriados.
             Mangled by a catoblepas (29 damage)
             ... on level 2 of the Lair of Beasts.
             The game lasted 00:20:07 (15381 turns).

inmateoo the Martial Artist (DrTm)                 Turns: 15381, Time: 00:20:08

Health: -6/127     AC: 11    Str: 24    XL:     13   Next: 0%
Magic:  22/25      EV: 18    Int: 28    God:    Cheibriados [*****.]
Gold:   982        SH:  0    Dex: 30    Spells: 19/29 levels left

rFire   . . .      SeeInvis .     - Unarmed
rCold   + + +      Faith    .   (shield currently unavailable)
rNeg    . . .      Spirit   .   (body armour unavailable)
rPois   +          Reflect  .   (helmet currently unavailable)
rElec   .          Harm     .   (cloak currently unavailable)
rCorr   .          Rampage  .   (gloves currently unavailable)
Will    .....                   (boots currently unavailable)
Stlth   ++........              y - amulet of the acrobat
HPRegen 0.31/turn               f - +6 ring of dexterity
MPRegen 0.19/turn               c - ring of protection from fire

@: ice-form, wereblooded, very slow
A: freezing attack, amphibious, boosted hp, (breathe frost), AC +8, large,
unfitting armour, (cold resistance 1), (cold-blooded)
a: End Transformation, Renounce Religion, Bend Time, Temporal Distortion,
Slouch, Step From Time


You were on level 2 of the Lair of Beasts.
You worshipped Cheibriados.
Cheibriados was extremely pleased with you.
You were a creature of crystalline ice.
You visited 3 branches of the dungeon, and saw 16 of its levels.

You collected 1232 gold pieces.
You spent 250 gold pieces at shops.

Inventory:

Armour
 s - a +2 cloak (melded)
 A - a +0 pair of gloves (melded)
Jewellery
 c - a ring of protection from fire (right front paw)
 f - a +6 ring of dexterity (left front paw)
 n - a ring of see invisible
 y - an amulet of the acrobat (around neck)
 E - a ring of protection from fire
 F - an amulet of regeneration
 G - a +6 ring of strength
 H - a +6 ring of strength
Wands
 b - a wand of digging (5)
 h - a wand of acid (2)
 q - a wand of flame (12)
 B - a wand of iceblast (5)
 D - a wand of paralysis (8)
Scrolls
 e - 2 scrolls of enchant weapon
 i - a scroll of amnesia
 j - a scroll of fog
 k - 3 scrolls of blinking
 r - 2 scrolls of brand weapon
 t - 4 scrolls of teleportation
 C - 2 scrolls of identify
Potions
 a - 5 potions of lignification
 d - 9 potions of curing
 g - 3 potions of cancellation
 l - 4 potions of flight
 m - 5 potions of might
 o - 2 potions of ambrosia
 p - a potion of berserk rage
 u - 2 potions of magic
 v - a potion of brilliance
 w - 2 potions of attraction
 x - 3 potions of mutation {unknown}
 z - a potion of invisibility {unknown}


   Skills:
 + Level 7.6 Fighting
 + Level 8.0 Dodging
 + Level 10.8 Unarmed Combat
 + Level 8.9 Spellcasting
 + Level 7.4 Transmutations
 + Level 8.8 Ice Magic
 - Level 3.0 Poison Magic
 + Level 9.2 Invocations


You had 19 spell levels left.
You knew the following spells:

 Your Spells              Type           Power      Damage    Failure   Level
a - Beastly Appendage     Tmut           100%       N/A       1%          1
b - Wereblood             Tmut           52%        N/A       1%          2
c - Spider Form           Tmut/Pois      41%        N/A       1%          3
d - Ice Form              Ice/Tmut       55%        N/A       1%          4

Your spell library contained the following spells:

 Spells                   Type           Power      Damage    Failure   Level
 Ensorcelled Hibernation  Hex/Ice        74%        N/A       1%          2
 Passwall                 Tmut/Erth      27%        N/A       1%          2
 Magic Dart               Conj           48%        1d5       4%          1
 Sandblast                Erth           24%        2d8       4%          1
 Summon Small Mammal      Summ           48%        N/A       4%          1
 Scorch                   Fire           24%        2d6       7%          2
 Searing Ray              Conj           24%        2d5       7%          2
 Call Canine Familiar     Summ           12%        N/A       14%         3
 Confusing Touch          Hex            12%        N/A       14%         3
 Stone Arrow              Conj/Erth      24%        3d8       14%         3
 Summon Guardian Golem    Hex/Summ       12%        N/A       14%         3
 Swiftness                Air            12%        N/A       14%         3
 Yara's Violent Unravell  Hex/Tmut       16%        3d8       26%         5
 Anguish                  Hex/Necr       6%         N/A       41%         4
 Flame Wave               Conj/Fire      12%        2d6       41%         4
 Fulminant Prism          Conj/Hex       6%         3d7       41%         4
 Summon Cactus Giant      Summ           6%         N/A       100%        6
 Enfeeble                 Hex            6%         N/A       100%        7
 Orb of Destruction       Conj           6%         9d6       100%        7
 Spellforged Servitor     Conj/Summ      6%         N/A       100%        7


Dungeon Overview and Level Annotations

Branches:
Dungeon (13/15)            Temple (1/1) D:6            Lair (2/5) D:8
    Orc (0/2) D:12
  Swamp: Lair:2-3    Shoals: Lair:2-3     Snake: Lair:2-3    Spider: Lair:2-3
 Vaults: D:13-14

Altars:
Ashenzari
Cheibriados
Dithmenos
Fedhas
Gozag
Hepliaklqana
Kikubaaqudgha
Makhleb
Nemelex Xobeh
Okawaru
Qazlal
Ru
Sif Muna
Trog
Uskayaw
Wu Jian
Xom
Yredelemnul
Zin
The Shining One

Shops:
D:3 :   D:5 *   D:6 =   D:11 [


Innate Abilities, Weirdness & Mutations

You are a creature of crystalline ice.
You have a powerful freezing melee attack.
You are amphibious.
Your maximum health is increased.
Your armour is entirely melded.
You are incapable of wielding weapons or throwing items.
((You can breathe waves of freezing cold which knock back foes.))
((Your icy white scales are hard. (AC +8)))
You cannot fit into any form of body armour.
((Your flesh is cold resistant. (rC+)))
((You are cold-blooded and may be slowed by cold attacks.))


Message History

An electric eel comes into view.
The water moccasin hisses angrily.
The hornet stings you! The catoblepas gores you!! The hornet stings you.
The hornet stings you! The catoblepas gores you!!
The hornet stings you but does no damage.
The catoblepas gores you! The hornet stings you!
The hornet stings you but does no damage.
The catoblepas gores you!
* * * LOW HITPOINT WARNING * * *
The water moccasin bites you but does no damage.
The hornet stings you.
* * * LOW HITPOINT WARNING * * *
The water moccasin bites you but does no damage.
The electric eel shoots out a bolt of lightning at you!
The bolt of electricity hits you.
* * * LOW HITPOINT WARNING * * *
The catoblepas gores you!
* * * LOW HITPOINT WARNING * * *
The hornet stings you!
* * * LOW HITPOINT WARNING * * *
The water moccasin bites you but does no damage.
The hornet stings you.
The catoblepas breathes a plume of calcifying dust at you.
The blast of calcifying dust hits you.
* * * LOW HITPOINT WARNING * * *
The water moccasin bites you but does no damage.
You turn to ice and can move again.
Unknown command.
Unknown command.
Unknown command.
Blink to where?
Press: ? - help, Dir - move target
As you read the scroll of blinking, it crumbles to dust.
The hornet is engulfed in calcifying dust.
The hornet is moving more slowly.
The water moccasin is engulfed in calcifying dust.
The water moccasin is moving more slowly.
The catoblepas gores you!!
You die...

......~≈~≈≈≈≈≈≈≈
........~~≈~≈~≈≈~.
# .. ....≈≈≈≈..~~.#
#. .. ...~~~~.>...#
#. . #..........#
⌠##.#. #...P.......
....P.###..........
#......Y§.......~~
#.....YyS....♣~..~
.........§.....~..~
...#.#...§..♣S~~~~.
#... ##..§..♣..~~.~
#. ##.§.♣~..~.~. ..
..§..~~~.~.. ⌠
.#....~...~..
...♣.~


You could see a catoblepas, a hornet (petrifying), a water moccasin (petrifying)
and an electric eel.

Vanquished Creatures
  2 boulder beetles
  2 catoblepae
  2 two-headed ogres
  4 hydras
  A centaur warrior (D:12)
  A death yak (D:11)
  Lodul (D:10)
  A deep elf pyromancer (D:13)
  Pikel (D:5)
  2 cyclopes (D:12)
  4 ugly things
  2 black mambas (Lair:1)
  A gargoyle (D:12)
  A rime drake (Lair:1)
  An efreet (D:13)
  A troll (D:10)
  A hornet (D:11)
  2 slime creatures (D:12)
  8 blink frogs (Lair:1)
  A shadow (D:10)
  27 yaks
  3 wyverns
  A basilisk (D:12)
  Eustachio (D:5)
  6 vampire mosquitoes
  2 steam dragons
  Menkaure (D:6)
  A water moccasin (D:6)
  A black bear (D:7)
  2 ice beasts
  2 orc warriors
  3 sky beasts
  9 ogres
  4 centaurs
  3 wolves
  3 phantoms
  5 kobold brigands
  A lemure (D:5)
  Blork the orc (D:5)
  9 bullfrogs
  2 gnoll sergeants
  2 necrophages
  3 scorpions
  15 wights
  3 killer bees (D:10)
  13 howler monkeys
  An electric eel (D:11)
  2 gnoll boudas
  2 jellies
  2 orc priests (D:5)
  Crazy Yiuf (D:2)
  4 hounds
  Jessica (D:2)
  6 orc wizards
  Natasha (D:4)
  4 iguanas
  15 gnolls
  12 adders
  A shadow imp (D:5)
  A white imp (D:8)
  An ufetubus (D:5)
  2 worms
  A dart slug (D:3)
  25 orcs
  5 ball pythons
  7 endoplasms
  A giant cockroach (D:1)
  4 goblins
  8 hobgoblins
  3 quokkas
  A bat (D:2)
  5 frilled lizards
  25 kobolds
  6 rats
  A bush (D:8)
310 creatures vanquished.

Vanquished Creatures (others)
  An orc wizard (D:4)
  A white imp (D:6)
  20 plants
22 creatures vanquished.

Grand Total: 332 creatures vanquished

Notes
Turn   | Place    | Note
-------+----------+-------------------------------------------
     0 | D:1      | inmateoo the Draconian Transmuter began the quest for the
                  | Orb.
     0 | D:1      | Reached XP level 1. HP: 16/16 MP: 3/3
   212 | D:1      | Reached XP level 2. HP: 15/23 MP: 3/5
   445 | D:1      | Learned a level 2 spell: Wereblood
   490 | D:1      | Found a faded altar of an unknown god.
   873 | D:2      | Noticed Jessica
   881 | D:2      | Killed Jessica
   882 | D:2      | Reached XP level 3. HP: 11/29 MP: 6/6
  1168 | D:2      | Reached XP level 4. HP: 36/36 MP: 7/7
  1349 | D:2      | Found a runed translucent door.
  1350 | D:2      | Noticed Crazy Yiuf
  1455 | D:2      | Learned a level 3 spell: Spider Form
  1461 | D:2      | Killed Crazy Yiuf
  1525 | D:3      | Reached skill level 4 in Unarmed Combat
  1694 | D:3      | Found Nienymar's Book Emporium.
  1791 | D:3      | Reached XP level 5. HP: 41/41 MP: 8/8
  2235 | D:3      | Found a shimmering blue altar of Sif Muna.
  2235 | D:3      | Found a blossoming altar of Fedhas.
  2355 | D:4      | Noticed a phantom
  2364 | D:4      | Killed a phantom
  2365 | D:4      | Reached skill level 1 in Poison Magic
  2419 | D:4      | Reached XP level 6. HP: 29/50 MP: 10/10
  2867 | D:4      | Noticed Natasha
  2875 | D:4      | Killed Natasha
  2876 | D:4      | Reached skill level 5 in Unarmed Combat
  3221 | D:5      | Entered Level 5 of the Dungeon
  3232 | D:5      | Learned a level 4 spell: Ice Form
  3339 | D:5      | Found Ofoliar's Fire Supplies.
  3429 | D:5      | Found a hide-covered altar of Uskayaw.
  3445 | D:5      | Your scales start taking on an icy white colour.
  3445 | D:5      | Reached XP level 7. HP: 52/57 MP: 11/11
  3445 | D:5      | Gained mutation: Your flesh is cold resistant. (rC+) [White
                  | Draconian growth]
  3630 | D:5      | Noticed Pikel
  3675 | D:5      | Killed Pikel
  3676 | D:5      | Reached skill level 1 in Ice Magic
  4017 | D:5      | Reached XP level 8. HP: 66/66 MP: 13/13
  4018 | D:5      | Noticed Eustachio
  4021 | D:5      | Noticed Blork the orc
  4043 | D:5      | Reached skill level 6 in Unarmed Combat
  4059 | D:5      | Killed Blork the orc
  4093 | D:5      | Killed Eustachio
  4663 | D:5      | Reached skill level 7 in Unarmed Combat
  4919 | D:5      | Found a shimmering altar of Xom.
  5222 | D:6      | Reached skill level 5 in Transmutations
  5239 | D:6      | Reached skill level 5 in Spellcasting
  5242 | D:6      | Reached XP level 9. HP: 60/71 MP: 16/16
  5250 | D:6      | Identified the +8 hand axe "Hydraslayer" {vorpal, rPois rF-
                  | rC++}
  5294 | D:6      | Found Petul's Jewellery Shop.
  6120 | D:6      | Noticed Menkaure
  6127 | D:6      | Reached skill level 5 in Fighting
  6129 | D:6      | Killed Menkaure
  6165 | D:6      | Found a staircase to the Ecumenical Temple.
  6179 | Temple   | Entered the Ecumenical Temple
  6238 | Temple   | Became a worshipper of Cheibriados the Contemplative
  6536 | D:7      | Reached skill level 5 in Dodging
  6606 | D:7      | Reached skill level 5 in Ice Magic
  6690 | D:7      | Reached * piety under Cheibriados
  6691 | D:7      | Reached XP level 10. HP: 51/81 MP: 14/18
  7419 | D:5      | Bought a ring of protection from fire for 250 gold pieces
  7505 | D:8      | Reached skill level 8 in Unarmed Combat
  7583 | D:8      | Reached skill level 1 in Invocations
  8114 | D:8      | Reached ** piety under Cheibriados
  8208 | D:8      | Found a sacrificial altar of Ru.
  8454 | D:8      | Found a staircase to the Lair.
  9290 | D:9      | Reached *** piety under Cheibriados
  9831 | D:10     | Entered Level 10 of the Dungeon
  9876 | D:10     | Identified the +4 falchion "Diwad" {antimagic, Int+3}
  9944 | D:10     | Identified the +0 robe of Pan-Flutes {SInv}
  9962 | D:10     | Noticed a two-headed ogre
  9973 | D:10     | Killed a two-headed ogre
  9974 | D:10     | Reached XP level 11. HP: 51/89 MP: 18/21
 10216 | D:10     | Reached skill level 9 in Unarmed Combat
 10498 | D:10     | Found a glowing silver altar of Zin.
 10625 | D:11     | Noticed a cyan ugly thing
 10626 | D:11     | You fall into a shaft and drop 2 floors!
 10660 | D:13     | Noticed a boulder beetle
 10674 | D:13     | Killed a boulder beetle
 10763 | D:13     | Noticed a seven-headed hydra
 10770 | D:13     | Killed a seven-headed hydra
 10911 | D:13     | Noticed a seven-headed hydra
 10923 | D:13     | Killed a seven-headed hydra
 10924 | D:13     | Reached skill level 5 in Invocations
 11291 | D:13     | Noticed a catoblepas
 11297 | D:13     | Noticed an eight-headed hydra
 11302 | D:13     | Noticed a deep elf pyromancer
 11310 | D:13     | Killed a deep elf pyromancer
 11461 | D:13     | Noticed a white ugly thing
 11473 | D:13     | Killed a white ugly thing
 11507 | D:12     | Noticed a centaur warrior
 11515 | D:12     | Killed a centaur warrior
 11541 | D:12     | Noticed Lodul
 11557 | D:11     | Noticed a two-headed ogre
 11559 | D:11     | Noticed a green ugly thing
 11563 | D:11     | Noticed a boulder beetle
 11847 | D:11     | Reached skill level 10 in Unarmed Combat
 12074 | D:10     | Killed Lodul
 12101 | D:11     | Reached **** piety under Cheibriados
 12126 | D:11     | Found Jadul's Armour Emporium.
 12148 | D:11     | Killed a cyan ugly thing
 12172 | D:11     | Killed a boulder beetle
 12197 | D:11     | Killed a two-headed ogre
 12262 | D:11     | Killed a green ugly thing
 12263 | D:11     | Reached XP level 12. HP: 86/96 MP: 18/24
 12807 | D:11     | Noticed a death yak
 12812 | D:11     | Killed a death yak
 13296 | D:12     | Found a staircase to the Orcish Mines.
 13338 | D:12     | Noticed an eight-headed hydra
 13345 | D:12     | Killed an eight-headed hydra
 13630 | D:13     | Killed a catoblepas
 14173 | D:13     | Killed an eight-headed hydra
 14449 | Lair:1   | Entered Level 1 of the Lair of Beasts
 14449 | Lair:1   | Noticed a catoblepas
 14530 | Lair:1   | Killed a catoblepas
 14807 | Lair:1   | Reached ***** piety under Cheibriados
 15202 | Lair:1   | Reached XP level 13. HP: 106/106 MP: 22/25
 15381 | Lair:2   | Mangled by a catoblepas

Illustrated notes

Levels and vault maps discovered:
D:1:      saegor_arrival_simple_b, layout_basic, shapermc_ecumenical_altar_venn,
          minivault_25, minmay_quantized
D:2:      layout_basic, uniq_sigmund, uniq_crazy_yiuf_cottage, uniq_jessica
D:3:      layout_loops_ring, gammafunk_temple_overflow_elements, serial_shops,
          nicolae_diamond_shop, minmay_puff
D:4:      layout_rooms, minmay_misc_feat_tiny, kennysheep_generic_room_5,
          uniq_natasha
D:5:      layout_basic, mainiacjoe_overflow_paths, marbit_many_paths,
          nicolae_shop_fire_sale [nicolae_sub_dead_trees], sword_in_stone,
          uniq_pikel
D:6:      minmay_chambers_of_threes, layout_basic,
          minmay_temple_entry_offerings, serial_shops, nicolae_shop_trees,
          grunt_decor_junction, minmay_circle_x, uniq_menkaure
D:7:      layout_cave_pools, minivault_25
D:8:      layout_layer_cave, kennysheep_mini, lair_entry_dummy,
          kb_lookout_dungeons_type, grunt_decor_arrowhead, nicolae_grassy_gnolls
D:9:      layout_basic
D:10:     layout_roguey, zin_academy
D:11:     argonaut_augean_stables, layout_cave_pools, serial_shops,
          nicolae_shop_advertising_works [nicolae_subvault_shop_adworks],
          minmay_stone_trees_small
D:12:     layout_cave_pools, orc_0_dummy, uniq_lodul
D:13:     layout_stronghold
Temple:   nicolae_temple_superstar
Lair:1:   layout_chaotic_city
Lair:2:   layout_regular_city, nicolae_quartered_pool_super,
          lemuel_altar_in_water2, minmay_lindwurm_lava, grunt_megastairs_2,
          infiniplex_staircase_pool

Skill      XL: |  1  2  3  4  5  6  7  8  9 10 11 12 |
---------------+-------------------------------------+-----
Dodging        | 2 3 4 5 6 7 8 |  8.0
Fighting       | 2 3 4 5 6 7 |  7.6
Unarmed Combat | 4 5 7 8 10 | 10.8
Transmutations | 3 5 6 7 |  7.4
Poison Magic   | 1 2 3 |  3.0
Spellcasting   | 3 5 7 8 |  8.9
Ice Magic      | 2 3 5 7 8 |  8.8
Invocations    | 4 8 9 |  9.2

Action                   |  1- 3 |  4- 6 |  7- 9 | 10-12 | 13-15 || total
-------------------------+-------+-------+-------+-------+-------++-------
Melee: Unarmed           |    67 |   148 |   320 |   515 |     2 ||  1052
       Headbutt          |     9 |    19 |    30 |     3 |       ||    61
       Kick              |    11 |    37 |    53 |     6 |       ||   107
       Tailslap          |     5 |    17 |    31 |    11 |       ||    64
       Punch             |       |     5 |    12 |       |       ||    17
 Cast: Beastly Appendage |    17 |    30 |    24 |     4 |       ||    75
       Wereblood         |     2 |    27 |    25 |    40 |     1 ||    95
       Spider Form       |       |     1 |     2 |     6 |       ||     9
       Ice Form          |       |       |     4 |    42 |     1 ||    47
 Abil: Breathe Frost     |       |       |     4 |     3 |       ||     7
Evoke: Wand              |       |       |       |    16 |       ||    16
  Use: Scroll            |       |    10 |       |    16 |     1 ||    27
       Potion            |       |       |     2 |       |       ||     2
 Stab: Sleeping          |     2 |     3 |     1 |     4 |       ||    10
       Petrified         |       |       |       |     2 |       ||     2
Armor: Skin              |    14 |    52 |   121 |   102 |     7 ||   296
Dodge: Dodged            |    43 |    70 |   208 |   450 |     4 ||   775

Table legend: (Time is in decaauts)
 A = Elapsed time spent in this place.
 B = Non-inter-level travel time spent in this place.
 C = Inter-level travel time spent in this place.
 D = Time resting spent in this place.
 E = Time spent auto-exploring this place.
 F = Levels seen in this place.
 G = Mean time per level.
                   A        B        C        D        E       F      G
               +--------+--------+--------+--------+--------+-----+--------+
         Total |  18509 |  17715 |    794 |   4982 |   9691 |  16 | 1156.8 |
       Dungeon |  17282 |  16533 |    749 |   4982 |   8709 |  13 | 1329.4 |
        Temple |     74 |     60 |     14 |      0 |     44 |   1 |   74.0 |
          Lair |   1151 |   1121 |     30 |      0 |    938 |   2 |  575.5 |
               +--------+--------+--------+--------+--------+-----+--------+

Top non-repeatable levels by time:
    D:13: 2226 daAuts
     D:8: 2145 daAuts
     D:5: 1994 daAuts
    D:11: 1624 daAuts
     D:9: 1544 daAuts
     D:6: 1371 daAuts
    D:10: 1343 daAuts
  Lair:1: 1127 daAuts
     D:7: 984 daAuts
     D:4: 917 daAuts
    D:12: 823 daAuts
     D:3: 812 daAuts
     D:1: 777 daAuts
     D:2: 716 daAuts
  Temple: 74 daAuts
